 Dungeon Crawl Stone Soup version 0.21.0-24-g2553a33 (webtiles) character file.

43 Mesum the Poker (level 3, 0/28 HPs)
             Began as a Merfolk Gladiator on Jan 10, 2018.
             Was an Initiate of Kikubaaqudgha.
             Succumbed to an adder's poison
             ... on level 2 of the Dungeon on Jan 19, 2018.
             The game lasted 01:01:30 (1320 turns).

Mesum the Poker (Merfolk Gladiator)                 Turns: 1320, Time: 01:01:31

Health: 0/28       AC:  4    Str: 15    XL:     3   Next: 58%
Magic:  3/3        EV: 14    Int:  7    God:    Kikubaaqudgha [......]
Gold:   53         SH:  0    Dex: 15    Spells: 2/2 levels left

rFire    . . .     SeeInvis .   a - +0 trident
rCold    . . .     Gourm    .   (no shield)
rNeg     . . .     Faith    .   b - +0 leather armour
rPois    .         Spirit   .   c - +0 helmet
rElec    .         Reflect  .   (no cloak)
rCorr    .         Harm     .   (no gloves)
MR       .....                  (no boots)
Stlth    +.........             (no amulet)
HPRegen  0.09/turn              (no ring)
MPRegen  0.08/turn              (no ring)

@: lethally poisoned (0 -> -7)
A: change form in water, swift swim, stealthy swim
a: Renounce Religion


You were on level 2 of the Dungeon.
You worshipped Kikubaaqudgha.
Kikubaaqudgha was noncommittal.
You were not hungry.

You visited 1 branch of the dungeon, and saw 2 of its levels.

You collected 53 gold pieces.

Inventory:

Hand Weapons
 a - a +0 trident (weapon)
Missiles
 d - 3 throwing nets (quivered)
 n - 6 poisoned needles
Armour
 b - a +0 leather armour (worn)
 c - a +0 helmet (worn)
 h - a +0 scale mail
 m - a +0 scale mail
Scrolls
 g - 6 scrolls of identify {unknown}
 i - a scroll of magic mapping {unknown}
 j - 2 scrolls of remove curse {unknown}
Potions
 k - a potion of haste {unknown}
 l - a potion of cancellation
Comestibles
 f - 3 rations
 o - a chunk of flesh


   Skills:
 + Level 2.6 Fighting
 + Level 5.5 Polearms
 - Level 2.1 Throwing
 + Level 0.2 Armour
 + Level 4.4 Dodging
 * Level 0.1 Necromancy


You had 2 spell levels left.
You didn't know any spells.

Dungeon Overview and Level Annotations

Branches:
Dungeon (2/15)

Altars:
Kikubaaqudgha


Message History

Unknown command.
You are too injured to fight recklessly!
Attack whom?
Press: ? - help, Dir - move target cursor, f/p - adder
Aim: an adder (almost dead)
You closely miss the adder.
The adder is almost dead.
* * * LOW HITPOINT WARNING * * *
You feel sick. The adder bites you.
* * * LOW HITPOINT WARNING * * *
You are more poisoned.
The adder poisons you!
It was a potion of flight.
You feel very buoyant.
You fly up into the air.
The adder barely misses you.
It was a potion of cancellation.
Your magical effects are unravelling.
You feel magically purged.
You float gracefully downwards.
You die...
Kikubaaqudgha rasps: "You have failed me!
Welcome... death!"

#.#.......#...
##?......#..#..
....... ##....
#.... #....
#...#####.###
#####..#....# #
###........#### #
##...######.######
#@.### #((...#
#.....S....#
########
#..........# ####
#.......!..# ##Z#
#..........# ####
#.$........# ####
............
#...........#


You could see an adder.

Vanquished Creatures
  An adder (D:2)
  A worm (D:2)
  A dart slug (D:1)
  8 bats
  2 giant cockroaches (D:1)
  A goblin (D:1)
  4 hobgoblins
  A quokka (D:2)
  4 frilled lizards
  3 kobolds
  3 rats
29 creatures vanquished.

Vanquished Creatures (others)
  A human (D:2)
1 creature vanquished.

Grand Total: 30 creatures vanquished

Notes
Turn   | Place    | Note
-------+----------+-------------------------------------------
     0 | D:1      | Mesum the Merfolk Gladiator began the quest for the Orb.
     0 | D:1      | Reached XP level 1. HP: 16/16 MP: 1/1
    44 | D:1      | Reached XP level 2. HP: 23/23 MP: 2/2
   372 | D:1      | Reached skill level 5 in Polearms
   506 | D:1      | Upgraded the game from 0.21.0-3-g78d12a8 to 0.21.0-24-g2553a33
   999 | D:1      | Reached XP level 3. HP: 28/28 MP: 3/3
  1074 | D:2      | Found an ancient bone altar of Kikubaaqudgha.
  1085 | D:2      | Noticed a human
  1086 | D:2      | Killed a human
  1111 | D:2      | Became a worshipper of Kikubaaqudgha
  1318 | D:2      | HP: 1/28 [adder (4)]
  1320 | D:2      | Succumbed to an adder's poison

Skill      XL: |  1  2 |
---------------+-------+-----
Polearms       | 5 |  5.5
Fighting       | |  2.6
Throwing       | |  2.1
Armour         | |  0.2
Dodging        | |  4.4
Necromancy     | |  0.1

Action                   || total
-------------------------++-------
Melee: Trident           ||    98
  Use: Potion            ||     2
 Stab: Sleeping          ||     2
  Eat: Chunk             ||     1
Armor: Leather armour    ||    22
Dodge: Dodged            ||    57
